| TOP OF THE 1ST |
|
Pittsfield Colonials batting - Pitching for Pawtucket Paw Sox : RHP Ruben Nevarez
|
|
Pitching: RHP Ruben Nevarez
|
|
|
Batting: RHB Henry Cotto
|
0-0: Called Strike 0-1: Ball 1-1: Bunt missed! 1-2: Fly out, F3 (Popup, 3S, EV 39.4 MPH)
|
|
Batting: LHB Mike Kingery
|
0-0: Fly out, F7 (Flyball, 7LM, EV 85.0 MPH)
|
|
Batting: LHB Lenny Dykstra
|
0-0: Foul Ball, location: 2F 0-1: Called Strike 0-2: Ball 1-2: Ball 2-2: Fly out, F9 (Flyball, 89D, EV 88.8 MPH)
|
| Top of the 1st over - 0 runs, 0 hits, 0 errors, 0 left on base; Pittsfield 0 - Pawtucket 0 |
| BOTTOM OF THE 1ST |
|
Pawtucket Paw Sox batting - Pitching for Pittsfield Colonials : RHP Mike Cuellar
|
|
Pitching: RHP Mike Cuellar
|
|
|
Batting: RHB Shooty Babitt
|
0-0: Ball 1-0: Called Strike 1-1: Ball 2-1: Ball 3-1: Ground out 6-3 (Groundball, 6S, EV 84.4 MPH)
|
|
Batting: RHB Andres Forbes
|
0-0: Foul Ball, location: 2F 0-1: Foul Ball, location: 2F 0-2: Ball 1-2: Fly out, F9 (Flyball, 89XD, EV 92.5 MPH)
|
|
Batting: LHB Jeff Stone
|
0-0: Ball 1-0: SINGLE (Groundball, 6D, EV 101.3 MPH)
|
|
Batting: SHB Orestes Destrade
|
0-0: Called Strike 0-1: Ball 1-1: Called Strike 1-2: Ball Jeff Stone is caught stealing 2nd base 2-6
|
| Bottom of the 1st over - 0 runs, 1 hit, 0 errors, 0 left on base; Pittsfield 0 - Pawtucket 0 |
| TOP OF THE 2ND |
|
Pittsfield Colonials batting - Pitching for Pawtucket Paw Sox : RHP Ruben Nevarez
|
|
Batting: LHB Tom Beyers
|
0-0: Called Strike 0-1: Ball 1-1: Called Strike 1-2: Ball 2-2: Ball 3-2: Ground out 1-3 (Groundball, 34S, EV 86.9 MPH)
|
|
Batting: RHB Raymond Borucki
|
0-0: Ball 1-0: Ball 2-0: Called Strike 2-1: Foul Ball, location: 2F 2-2: Ball 3-2: Base on Balls
|
|
Batting: RHB Fernando Marin
|
0-0: Called Strike 0-1: Ball 1-1: Fly out, F9 (Flyball, 9LM, EV 83.1 MPH)
|
|
Batting: RHB Bob Melvin
|
0-0: Fly out, F8 (Line Drive, 8RD, EV 85.0 MPH)
|
| Top of the 2nd over - 0 runs, 0 hits, 0 errors, 1 left on base; Pittsfield 0 - Pawtucket 0 |
| BOTTOM OF THE 2ND |
|
Pawtucket Paw Sox batting - Pitching for Pittsfield Colonials : RHP Mike Cuellar
|
|
Batting: SHB Orestes Destrade
|
0-0: Ball 1-0: Ball 2-0: Ball 3-0: Base on Balls
|
|
Batting: RHB Brick Smith
|
0-0: SINGLE (Groundball, 56S, EV 62.5 MPH) (infield hit) Orestes Destrade to second
|
|
Batting: RHB Alfredo Torres
|
0-0: Fly out, F4 (Flyball, 34D, EV 70.0 MPH)
|
|
Batting: SHB Larry Doby
|
0-0: Called Strike 0-1: Ball 1-1: Swinging Strike 1-2: Foul Ball, location: 2F 1-2: Foul Ball, location: 2F 1-2: Hit by Pitch Orestes Destrade to third Brick Smith to second
|
|
Batting: LHB Doc Brummer
|
0-0: Ball 1-0: Ball 2-0: Called Strike 2-1: Ball 3-1: Foul Ball, location: 2F 3-2: Base on Balls Orestes Destrade scores Brick Smith to third Larry Doby to second
|
|
Batting: RHB Lenny Faedo
|
0-0: Ball 1-0: Called Strike 1-1: Called Strike 1-2: Ball 2-2: Strikes out swinging
|
|
Batting: RHB Shooty Babitt
|
0-0: Ground out 5-3 (Groundball, 56S, EV 86.9 MPH)
|
| Bottom of the 2nd over - 1 run, 1 hit, 0 errors, 3 left on base; Pittsfield 0 - Pawtucket 1 |
| TOP OF THE 3RD |
|
Pittsfield Colonials batting - Pitching for Pawtucket Paw Sox : RHP Ruben Nevarez
|
|
Batting: RHB Guillermo Montiel
|
0-0: Ball 1-0: Ground out 1-3 (Groundball, 13, EV 68.1 MPH)
|
|
Batting: RHB Juan Castro
|
0-0: Swinging Strike 0-1: Swinging Strike 0-2: Foul Ball, location: 2F 0-2: Fly out, F9 (Line Drive, 9, EV 96.9 MPH)
|
|
Batting: RHB Henry Cotto
|
0-0: Ball 1-0: SINGLE (Line Drive, 89S, EV 101.9 MPH)
|
|
Batting: LHB Mike Kingery
|
0-0: Called Strike 0-1: Ball 1-1: Ball 2-1: Foul Ball, location: 2F 2-2: Foul Ball, location: 2F 2-2: Foul Ball, location: 2F 2-2: Ground out 4-3 (Groundball, 4, EV 94.4 MPH)
|
| Top of the 3rd over - 0 runs, 1 hit, 0 errors, 1 left on base; Pittsfield 0 - Pawtucket 1 |
| BOTTOM OF THE 3RD |
|
Pawtucket Paw Sox batting - Pitching for Pittsfield Colonials : RHP Mike Cuellar
|
|
Batting: RHB Andres Forbes
|
0-0: Called Strike 0-1: Ground out 6-3 (Groundball, 6, EV 83.8 MPH)
|
|
Batting: LHB Jeff Stone
|
0-0: Ball 1-0: Foul Ball, location: 2F 1-1: Called Strike 1-2: Strikes out swinging
|
|
Batting: SHB Orestes Destrade
|
0-0: Called Strike 0-1: Swinging Strike 0-2: Ball 1-2: Foul Ball, location: 2F 1-2: Fly out, F8 (Flyball, 8LD, EV 103.8 MPH)
|
| Bottom of the 3rd over - 0 runs, 0 hits, 0 errors, 0 left on base; Pittsfield 0 - Pawtucket 1 |
| TOP OF THE 4TH |
|
Pittsfield Colonials batting - Pitching for Pawtucket Paw Sox : RHP Ruben Nevarez
|
|
Batting: LHB Lenny Dykstra
|
0-0: Swinging Strike 0-1: Foul Ball, location: 2F 0-2: Strikes out looking
|
|
Batting: LHB Tom Beyers
|
0-0: Ball 1-0: Fly out, F9 (Flyball, 9D, EV 88.1 MPH)
|
|
Batting: RHB Raymond Borucki
|
0-0: Called Strike 0-1: Swinging Strike 0-2: Ball 1-2: Foul Ball, location: 2F 1-2: Foul Ball, location: 2F 1-2: SINGLE (Line Drive, 8RS, EV 94.4 MPH)
|
|
Batting: RHB Fernando Marin
|
0-0: Called Strike 0-1: Called Strike 0-2: Foul Ball, location: 2F 0-2: Strikes out swinging
|
| Top of the 4th over - 0 runs, 1 hit, 0 errors, 1 left on base; Pittsfield 0 - Pawtucket 1 |
| BOTTOM OF THE 4TH |
|
Pawtucket Paw Sox batting - Pitching for Pittsfield Colonials : RHP Mike Cuellar
|
|
Batting: RHB Brick Smith
|
0-0: Ball 1-0: Fly out, F8 (Flyball, 8RXD, EV 81.9 MPH)
|
|
Batting: RHB Alfredo Torres
|
0-0: Ground out 5-3 (Groundball, 56, EV 93.1 MPH)
|
|
Batting: SHB Larry Doby
|
0-0: Called Strike 0-1: Foul Ball, location: 2F 0-2: Foul Ball, location: 2F 0-2: Ball 1-2: Ball 2-2: Fly out, F8 (Flyball, 8RD, EV 106.3 MPH)
|
| Bottom of the 4th over - 0 runs, 0 hits, 0 errors, 0 left on base; Pittsfield 0 - Pawtucket 1 |
| TOP OF THE 5TH |
|
Pittsfield Colonials batting - Pitching for Pawtucket Paw Sox : RHP Ruben Nevarez
|
|
Batting: RHB Bob Melvin
|
0-0: Swinging Strike 0-1: Fly out, F9 (Flyball, 9D, EV 90.6 MPH)
|
|
Batting: RHB Guillermo Montiel
|
0-0: Called Strike 0-1: Foul Ball, location: 2F 0-2: Ball 1-2: Ball 2-2: Strikes out looking
|
|
Batting: RHB Juan Castro
|
0-0: Called Strike 0-1: Ball 1-1: Called Strike 1-2: Ground out 3-1 (Groundball, 34, EV 91.9 MPH)
|
| Top of the 5th over - 0 runs, 0 hits, 0 errors, 0 left on base; Pittsfield 0 - Pawtucket 1 |
| BOTTOM OF THE 5TH |
|
Pawtucket Paw Sox batting - Pitching for Pittsfield Colonials : RHP Mike Cuellar
|
|
Batting: LHB Doc Brummer
|
0-0: Ground out 6-3 (Groundball, 6MS, EV 63.8 MPH)
|
|
Batting: RHB Lenny Faedo
|
0-0: Ground out 5-3 (Groundball, 56S, EV 86.9 MPH)
|
|
Batting: RHB Shooty Babitt
|
0-0: Ball 1-0: Called Strike 1-1: Ground out 3-1 (Groundball, 34, EV 106.9 MPH)
|
| Bottom of the 5th over - 0 runs, 0 hits, 0 errors, 0 left on base; Pittsfield 0 - Pawtucket 1 |
| TOP OF THE 6TH |
|
Pittsfield Colonials batting - Pitching for Pawtucket Paw Sox : RHP Ruben Nevarez
|
|
Batting: RHB Henry Cotto
|
0-0: Swinging Strike 0-1: Ball 1-1: Fly out, F7 (Flyball, 7LM, EV 89.4 MPH)
|
|
Batting: LHB Mike Kingery
|
0-0: Called Strike 0-1: Ball 1-1: Called Strike 1-2: Ball 2-2: Ball 3-2: Base on Balls
|
|
Batting: LHB Lenny Dykstra
|
0-0: Ball Mike Kingery steals 2nd base 1-0: Fly out, F7 (Flyball, 7S, EV 90.0 MPH)
|
|
Batting: LHB Tom Beyers
|
0-0: Called Strike 0-1: Ground out 1-3 (Groundball, 15, EV 65.0 MPH)
|
| Top of the 6th over - 0 runs, 0 hits, 0 errors, 1 left on base; Pittsfield 0 - Pawtucket 1 |
| BOTTOM OF THE 6TH |
|
Pawtucket Paw Sox batting - Pitching for Pittsfield Colonials : RHP Mike Cuellar
|
|
Batting: RHB Andres Forbes
|
0-0: Ball 1-0: Ball 2-0: Called Strike 2-1: Swinging Strike 2-2: Ball 3-2: Fly out, F7 (Flyball, 7S, EV 90.6 MPH)
|
|
Batting: LHB Jeff Stone
|
0-0: Foul Ball, location: 2F 0-1: Ball 1-1: Ball 2-1: Called Strike 2-2: DOUBLE (Line Drive, 7LS, EV 110.6 MPH)
|
|
Batting: SHB Orestes Destrade
|
0-0: Ball 1-0: Ball 2-0: Called Strike 2-1: Ball 3-1: Base on Balls
|
|
Batting: RHB Brick Smith
|
0-0: Called Strike 0-1: Swinging Strike 0-2: Foul Ball, location: 2F 0-2: Fly out, F8 (Line Drive, 8RD, EV 97.5 MPH) Runner from 2nd tags up, SAFE at 3rd, no throw by CF
|
|
Batting: RHB Alfredo Torres
|
0-0: Fly out, F9 (Flyball, 89M, EV 80.0 MPH)
|
| Bottom of the 6th over - 0 runs, 1 hit, 0 errors, 2 left on base; Pittsfield 0 - Pawtucket 1 |
| TOP OF THE 7TH |
|
Pittsfield Colonials batting - Pitching for Pawtucket Paw Sox : RHP Ruben Nevarez
|
|
Batting: RHB Raymond Borucki
|
0-0: Ball 1-0: Ball 2-0: Called Strike 2-1: Fly out, F8 (Line Drive, 8LD, EV 99.4 MPH)
|
|
Batting: RHB Fernando Marin
|
0-0: Ball 1-0: Fly out, F8 (Flyball, 8RM, EV 91.9 MPH)
|
|
Batting: RHB Bob Melvin
|
0-0: Ball 1-0: Foul Ball, location: 2F 1-1: Foul Ball, location: 2F 1-2: Strikes out looking
|
| Top of the 7th over - 0 runs, 0 hits, 0 errors, 0 left on base; Pittsfield 0 - Pawtucket 1 |
| BOTTOM OF THE 7TH |
|
Pawtucket Paw Sox batting - Pitching for Pittsfield Colonials : RHP Mike Cuellar
|
|
Batting: SHB Larry Doby
|
0-0: Ball 1-0: Swinging Strike 1-1: Ball 2-1: Fly out, F9 (Flyball, 89M, EV 88.1 MPH)
|
|
Batting: LHB Doc Brummer
|
0-0: Called Strike 0-1: Fly out, F8 (Flyball, 8LS, EV 97.5 MPH)
|
|
Batting: RHB Lenny Faedo
|
0-0: Called Strike 0-1: Fly out, F2 (Popup, 5SF, EV 88.1 MPH)
|
| Bottom of the 7th over - 0 runs, 0 hits, 0 errors, 0 left on base; Pittsfield 0 - Pawtucket 1 |
| TOP OF THE 8TH |
|
Pittsfield Colonials batting - Pitching for Pawtucket Paw Sox : RHP Ruben Nevarez
|
|
Batting: RHB Guillermo Montiel
|
0-0: Foul Ball, location: 2F 0-1: Fly out, F8 (Flyball, 8LD, EV 96.3 MPH)
|
|
Batting: RHB Juan Castro
|
0-0: Ground out 2-3 (Groundball, 13S, EV 68.1 MPH)
|
|
Batting: RHB Henry Cotto
|
0-0: Called Strike 0-1: Fly out, F7 (Flyball, 7S, EV 80.6 MPH)
|
| Top of the 8th over - 0 runs, 0 hits, 0 errors, 0 left on base; Pittsfield 0 - Pawtucket 1 |
| BOTTOM OF THE 8TH |
|
Pawtucket Paw Sox batting - Pitching for Pittsfield Colonials : RHP Mike Cuellar
|
|
Batting: RHB Shooty Babitt
|
0-0: Ball 1-0: Swinging Strike 1-1: Swinging Strike 1-2: Ball 2-2: Fly out, F9 (Line Drive, 9D, EV 103.1 MPH)
|
|
Batting: RHB Andres Forbes
|
0-0: Ball 1-0: Ball 2-0: Ball 3-0: Called Strike 3-1: Foul Ball, location: 2F 3-2: Foul Ball, location: 2F 3-2: Base on Balls
|
|
Batting: LHB Jeff Stone
|
0-0: Ball 1-0: Called Strike Andres Forbes is caught stealing 2nd base 2-6 1-1: Swinging Strike 1-2: Fly out, F6 (Line Drive, 6, EV 69.4 MPH)
|
| Bottom of the 8th over - 0 runs, 0 hits, 0 errors, 0 left on base; Pittsfield 0 - Pawtucket 1 |
| TOP OF THE 9TH |
|
Pittsfield Colonials batting - Pitching for Pawtucket Paw Sox : RHP Ruben Nevarez
|
|
Now at 1B: Richard Duran
|
|
|
Batting: LHB Mike Kingery
|
0-0: Ball 1-0: SINGLE (Flyball, 9LS, EV 95.0 MPH)
|
|
Batting: LHB Lenny Dykstra
|
0-0: Called Strike 0-1: Foul Ball, location: 2F 0-2: Foul Ball, location: 2F 0-2: Ball 1-2: Fly out, F7 (Line Drive, 7, EV 85.6 MPH)
|
|
Batting: LHB Tom Beyers
|
0-0: Ball 1-0: Ball 2-0: Fielders Choice at 2nd, 4-6 (Groundball, 4, EV 84.4 MPH)
|
|
Batting: RHB Raymond Borucki
|
0-0: Foul Ball, location: 2F 0-1: Ball 1-1: Called Strike 1-2: Ball 2-2: Fly out, F9 (Flyball, 89M, EV 86.9 MPH)
|
| Top of the 9th over - 0 runs, 1 hit, 0 errors, 1 left on base; Pittsfield 0 - Pawtucket 1 |
|